 Dungeon Crawl Stone Soup version 0.31-a0-7-g51783674b7 (webtiles) character file.

Game seed: 4870700490713759541

3392 knoon the Cleaver (level 10, -27/88 HPs)
             Began as a Hill Orc Fighter on May 5, 2023.
             Was a Priest of Kikubaaqudgha.
             Annihilated by a skeletal warrior
             ... wielding a +0 scimitar
              (29 damage)
             ... on level 6 of the Dungeon on May 6, 2023.
             The game lasted 01:24:45 (7882 turns).

knoon the Cleaver (Hill Orc Fighter)                Turns: 7882, Time: 01:24:46

Health: -27/88     AC:  1    Str: 24    XL:     10   Next: 4%
Magic:  10/10      EV: 12    Int:  8    God:    Kikubaaqudgha [***...]
Gold:   830        SH:  0    Dex: 10    Spells: 9/9 levels left

rFire   + . .        a - +1 war axe (spect)
rCold   + . .        n - orb {*channel}
rNeg    . . .        (no body armour)
rPois   .            (no helmet)
rElec   .            o - scarf {rC+ rF+}
rCorr   .            (no gloves)
SInv    .            y - +0 pair of boots
Will    .....        (no amulet)
Stlth   ++           (no ring)
HPRegen 0.34/turn    (no ring)
MPRegen 0.12/turn

%: channel magic (20%)
@: no status effects
A: no striking features
a: Renounce Religion, Unearth Wretches


You were on level 6 of the Dungeon.
You worshipped Kikubaaqudgha.
Kikubaaqudgha was most pleased with you.
You visited 1 branch of the dungeon, and saw 7 of its levels.
You also visited: Bailey.

You collected 830 gold pieces.

Inventory:

Hand Weapons
 a - a +1 spectral war axe (weapon)
 j - a +1 flail of holy wrath
 r - a +1 hand axe of electrocution
Missiles
 c - 11 poisoned darts
 e - a throwing net (quivered)
 h - 82 stones
 q - 5 datura-tipped darts
 D - 6 boomerangs
Armour
 n - an orb of energy (worn)
 o - a scarf of resistance (worn)
 y - a +0 pair of boots (worn)
 z - a +2 chain mail
Wands
 i - a wand of mindburst (7)
 p - a wand of flame (12)
Scrolls
 f - a scroll of poison
Potions
 d - 3 potions of might
 g - 2 potions of ambrosia
 k - 2 potions of haste {unknown}
 s - 2 potions of mutation
 G - a potion of flight
 N - a potion of magic
 V - a potion of berserk rage {unknown}


   Skills:
 + Level 7.9 Fighting
 + Level 12.8 Axes
 + Level 8.4 Armour
 + Level 2.0 Dodging
 + Level 1.4 Stealth
 + Level 3.5 Shields


You had 9 spell levels left.
You didn't know any spells.
Your spell library contained the following spells:

 Spells                   Type           Power      Damage    Failure   Level
 Kiss of Death            Conj/Necr      0%         2d5       63%         1
 Necrotise                Necr           0%         1d4       63%         1
 Sting                    Tmut/Pois      0%         1d3       63%         1
 Ensorcelled Hibernation  Hex/Ice        0%         N/A       75%         2
 Passwall                 Tmut/Erth      0%         N/A       75%         2
 Poisonous Vapours        Pois/Air       0%         N/A       75%         2
 Call Canine Familiar     Summ           0%         N/A       91%         3
 Portal Projectile        Hex/Tloc       0%         N/A       91%         3
 Swiftness                Air            0%         N/A       91%         3
 Vampiric Draining        Necr           0%         2d6       91%         3
 Vhi's Electric Charge    Tloc/Air       0%         N/A       91%         3
 Anguish                  Hex/Necr       0%         N/A       100%        4
 Animate Dead             Necr           0%         N/A       100%        4
 Dispel Undead            Necr           0%         3d6       100%        4
 Leda's Liquefaction      Hex/Erth       0%         N/A       100%        4
 Olgreb's Toxic Radiance  Pois           0%         N/A       100%        4
 Agony                    Necr           0%         N/A       100%        5
 Arcjolt                  Conj/Air       0%         1d10      100%        5
 Death Channel            Necr           0%         N/A       100%        6
 Maxwell's Capacitive Co  Air            0%         ∞         100%        8


Dungeon Overview and Level Annotations

Branches:
Dungeon (7/15)             Temple (0/1) D:4          Bailey (visited)

Altars:
Elyvilon
Kikubaaqudgha
Trog
The Shining One

Shops:
D:1 [   D:4 ([[   D:6 (


Message History

Done waiting.
You drop a +0 plate armour.
There is a stone staircase leading down here.
You can't go up here!
You climb downwards.
The skeletal warrior misses you. The skeletal warrior barely misses you.
There is a stone staircase leading up here.
You hit the skeletal warrior but do no damage.
Your +1 spectral war axe misses the skeletal warrior.
The skeletal warrior hits you with a +0 scimitar!!
You closely miss the skeletal warrior.
Your +1 spectral war axe hits the skeletal warrior.
The skeletal warrior hits you with a +0 scimitar!!
You slash the skeletal warrior!
The skeletal warrior is moderately damaged.
Your +1 spectral war axe hits the skeletal warrior.
You hit the skeletal warrior but do no damage.
The skeletal warrior is moderately damaged.
Your +1 spectral war axe hits the skeletal warrior but does no damage.
The skeletal warrior barely misses you.
You hit the skeletal warrior but do no damage.
The skeletal warrior is moderately damaged.
Your +1 spectral war axe hits the skeletal warrior.
The skeletal warrior hits you with a +0 scimitar!!
* * * LOW HITPOINT WARNING * * *
Your +1 spectral war axe disappears.
The skeletal warrior hits you with a +0 scimitar.
* * * LOW HITPOINT WARNING * * *
You climb upwards.
There is a stone staircase leading down here.
The skeletal warrior misses you.
You climb downwards.
There is a stone staircase leading up, spattered with blood here.
The skeletal warrior hits you with a +0 scimitar!
* * * LOW HITPOINT WARNING * * *
You climb upwards.
There is a stone staircase leading down here.
The skeletal warrior hits you with a +0 scimitar!!
You die...
Kikubaaqudgha rasps: "You have failed me!
Welcome... death!"

###.#### ##..........#####..#..
#.# #.[..######...........
###.#########...# #...........#.#
...............)###.#########.#.#
######.######.......# #.#.# #.#
#.#[##### #.#.#
######.######.#.#### #######....
......#............# #.........#
######.#####....@>.# #.#####.###
#.# #.....z.####.# #.# #.#
#............# #.#
#.#####.....#.###.######.#
#..........###...........#
#######.....#.###.########
##.###.## #.# #.....# #.# #.#####
#.#


You could see a skeletal warrior.

Vanquished Creatures
  An orc knight (Bailey)
  Menkaure (D:6)
  2 water moccasins
  4 ice beasts
  2 orc warriors
  A sky beast (D:7)
  4 ogres
  A phantom (D:5)
  3 bullfrogs (D:7)
  6 scorpions
  5 killer bees (D:7)
  A jelly (D:7)
  3 orc priests
  2 gnoll boudas
  A hound (D:4)
  3 iguanas
  2 orc wizards
  3 sleepcaps
  Natasha (D:2)
  11 gnolls
  3 adders
  8 river rats (D:5)
  2 white imps
  An ufetubus (D:5)
  4 dart slugs
  9 orcs
  7 endoplasms
  3 giant cockroaches
  5 goblins
  6 hobgoblins
  6 jackals
  10 quokkas
  10 ball pythons
  3 bats
  4 frilled lizards
  22 kobolds
  15 rats
  2 bushes (D:1)
177 creatures vanquished.

Vanquished Creatures (others)
  10 fungi (D:4)
10 creatures vanquished.

Grand Total: 187 creatures vanquished

Notes
Turn   | Place    | Note
-------+----------+-------------------------------------------
     0 | D:1      | knoon the Hill Orc Fighter began the quest for the Orb.
     0 | D:1      | Reached XP level 1. HP: 19/19 MP: 1/1
    31 | D:1      | Noticed an animated plate armour
    33 | D:1      | Found Azumnujy's Armour Shoppe.
    38 | D:1      | Noticed an animated storm dragon scales
   213 | D:1      | Reached skill level 3 in Axes
   213 | D:1      | Reached XP level 2. HP: 27/27 MP: 2/2
   490 | D:1      | Reached XP level 3. HP: 33/33 MP: 3/3
  2130 | D:2      | Found an ancient bone altar of Kikubaaqudgha.
  2142 | D:2      | Became a worshipper of Kikubaaqudgha
  2299 | D:2      | Noticed Natasha
  2331 | D:2      | Killed Natasha
  2332 | D:2      | Reached XP level 4. HP: 35/40 MP: 4/4
  2531 | D:2      | Reached skill level 4 in Axes
  2769 | D:3      | Reached * piety under Kikubaaqudgha
  2769 | D:3      | Received a gift from Kikubaaqudgha
  2782 | D:3      | Found a faded altar of an unknown god.
  3263 | D:4      | Reached XP level 5. HP: 25/47 MP: 5/5
  3495 | D:4      | Found Xegeagh's Armour Shop.
  3579 | D:4      | Reached skill level 5 in Axes
  3587 | D:4      | Found Roz Toax's Armour Boutique.
  3651 | D:4      | Reached skill level 5 in Armour
  3683 | D:4      | Found a staircase to the Ecumenical Temple.
  3690 | D:4      | Reached XP level 6. HP: 52/53 MP: 6/6
  4008 | D:4      | Found Guenna Daits's Antique Weapon Emporium.
  4109 | D:4      | Found an ancient bone altar of Kikubaaqudgha.
  4117 | D:4      | Reached skill level 6 in Axes
  4299 | D:4      | Found a bloodstained altar of Trog.
  4387 | D:5      | Entered Level 5 of the Dungeon
  4407 | D:5      | Reached XP level 7. HP: 26/60 MP: 7/7
  4662 | D:5      | Reached skill level 5 in Fighting
  4662 | D:5      | Reached skill level 7 in Axes
  4930 | D:5      | Reached ** piety under Kikubaaqudgha
  4984 | D:5      | Reached skill level 8 in Axes
  4984 | D:5      | Reached skill level 1 in Dodging
  5008 | D:5      | Reached XP level 8. HP: 35/69 MP: 8/8
  5268 | D:5      | Reached skill level 9 in Axes
  5404 | D:5      | Found a glowing golden altar of the Shining One.
  5892 | D:5      | Reached skill level 10 in Axes
  6081 | D:6      | Found a white marble altar of Elyvilon.
  6122 | D:6      | Reached *** piety under Kikubaaqudgha
  6122 | D:6      | Received a gift from Kikubaaqudgha
  6132 | D:6      | Reached XP level 9. HP: 58/75 MP: 9/9
  6225 | D:6      | Noticed Menkaure
  6230 | D:6      | Killed Menkaure
  6231 | D:6      | Reached skill level 1 in Stealth
  6239 | D:6      | Reached skill level 11 in Axes
  6743 | D:6      | Found Mibrabb's Antique Weapon Emporium.
  6907 | D:7      | Found a flagged portal.
  7231 | D:7      | Reached skill level 12 in Axes
  7370 | D:7      | Noticed a skeletal warrior
  7423 | Bailey   | Entered a bailey
  7429 | Bailey   | Noticed an orc knight
  7520 | Bailey   | Killed an orc knight
  7521 | Bailey   | Reached XP level 10. HP: 10/88 MP: 10/10
  7586 | Bailey   | Noticed an orc knight
  7880 | D:7      | HP: 1/88 [skeletal warrior/+0 scimitar (13)]
  7882 | D:6      | Annihilated by a skeletal warrior

Illustrated notes

Levels and vault maps discovered:
D:1:      scummos_arrival_forest, layout_rooms, serial_shops,
          nicolae_shop_mannequins, serial_park_tiny_1
D:2:      layout_basic, serial_rivers, chequers_serial_rivers_micro_c,
          chequers_serial_rivers_micro_e, chequers_serial_rivers_micro_b,
          chequers_serial_rivers_marsh, chequers_serial_rivers_small_3,
          basic_altar, uniq_natasha
D:3:      layout_rooms, hellmonk_ecumenical_altar_zigzags
D:4:      layout_rooms, nicolae_overflow_hidden_temple,
          minmay_temple_entry_proselytizer, serial_shops,
          nicolae_shop_behind_doors, nicolae_diamond_shop,
          nicolae_shop_tiny_statue_garden, serial_aquarium,
          aquarium_bridge_square [aquarium_subvault_wall,
          aquarium_subvault_window, aquarium_subvault_balcony,
          aquarium_subvault_bridge], aquarium_window_1, aquarium_window_2,
          aquarium_window_corner, aquarium_window_2, aquarium_view_4
D:5:      lemuel_ratsnest, layout_cave_pools, tso_altar
D:6:      layout_loops_ring, mainiacjoe_overflow_small_starburst, serial_shops,
          nicolae_shop_tiny_waterfront, kennysheep_generic_room_6, uniq_menkaure
D:7:      minmay_blocky_corners, layout_gridville, enter_bailey_2,
          hangedman_decor_push, uniq_crazy_yiuf_cottage

Skill      XL: |  1  2  3  4  5  6  7  8  9 |
---------------+----------------------------+-----
Axes           | 3 4 5 6 8 10 12 | 12.8
Fighting       | 4 5 6 7 |  7.9
Armour         | 4 5 6 7 8 |  8.4
Dodging        | 1 2 |  2.0
Stealth        | 1 |  1.4
Shields        | |  3.5

Action                     |  1- 3 |  4- 6 |  7- 9 | 10-12 || total
---------------------------+-------+-------+-------+-------++-------
  Melee: War axe           |   149 |    85 |   237 |     8 ||   479
  Throw: Throwing net      |       |       |     1 |       ||     1
    Use: Scroll            |     5 |     9 |     4 |     1 ||    19
         Potion            |     1 |       |     4 |       ||     5
   Stab: Distracted        |       |       |     1 |       ||     1
         Held in net/web   |       |       |     1 |       ||     1
 Armour: Scale mail        |    32 |       |       |       ||    32
         Chain mail        |     6 |    48 |   156 |     3 ||   213
  Dodge: Dodged            |    36 |    30 |   121 |     9 ||   196
  Block: Buckler           |     4 |       |       |       ||     4

Table legend: (Time is in decaauts)
 A = Elapsed time spent in this place.
 B = Non-inter-level travel time spent in this place.
 C = Inter-level travel time spent in this place.
 D = Time resting spent in this place.
 E = Time spent auto-exploring this place.
 F = Levels seen in this place.
 G = Mean time per level.
                   A        B        C        D        E       F      G
               +--------+--------+--------+--------+--------+-----+--------+
         Total |   7986 |   7935 |     51 |   3205 |   1079 |   8 |  998.2 |
       Dungeon |   7797 |   7746 |     51 |   3139 |   1079 |   7 | 1113.9 |
        Bailey |    189 |    189 |      0 |     66 |      0 |   1 |  189.0 |
               +--------+--------+--------+--------+--------+-----+--------+

Top non-repeatable levels by time:
     D:1: 1855 daAuts
     D:5: 1659 daAuts
     D:4: 1150 daAuts
     D:6: 1110 daAuts
     D:2: 963 daAuts
     D:7: 547 daAuts
     D:3: 511 daAuts
  Bailey: 189 daAuts
